Map: 킹스 코브 - 래더

Players

gumiho - Winner!

  • Race: Terran Terran
  • Spawn Location: 11:00

Probe

  • Race: Protoss Protoss
  • Spawn Location: 5:00

Event: IEM Season 13: Katowice (2019)

VOD

Have the link to the VOD?

Description

Time

  • Played on: Feb. 26, 2019, 5:47 a.m.
  • Length: 11:49

All games in this series

Show
View Real Time Build Order
Export as new Build Order

gumiho Terran - Winner!

Build Orders: Reaper Expand, Mech 

Get SALT Encoding   

  12  0:00  SCV  
  13  0:12  SCV  
  14  0:18  Supply Depot  
  14  0:24  SCV  
  15  0:39  SCV  
  15  0:42  Barracks  
  16  0:44  Refinery  
  16  0:51  SCV  
  17  1:03  SCV  
  18  1:16  SCV  
  19  1:28  Orbital Command  
  19  1:29  Reaper  
  20  1:47  Command Center  
  20  1:50  Supply Depot  
  20  1:54  SCV  
  21  2:01  Marine  
  21  2:06  SCV  
  23  2:10  Factory  
  23  2:15  Refinery  
  23  2:19  SCV, Marine  
  25  2:31  SCV  
  26  2:38  Barracks Tech Lab  
  26  2:43  SCV  
  27  2:55  SCV  
  28  3:02  Orbital Command, Cyclone, Barracks Reactor  
  31  3:05  Refinery  
  31  3:07  SCV  
  32  3:19  Starport, SCV  
  33  3:28  SCV  
  33  3:31  SCV  
  37  3:34  Widow Mine  
  37  3:35  Supply Depot  
  37  3:38  Marine x2  
  37  3:40  SCV  
  40  3:44  SCV  
  41  3:50  Refinery  
  41  3:52  SCV  
  42  3:56  SCV, Marine x2  
  42  3:58  Bunker  
  45  4:04  SCV  
  45  4:05  Factory Tech Lab  
  45  4:08  Raven, SCV  
  49  4:16  SCV  
  52  4:19  Supply Depot  
  52  4:20  SCV  
  53  4:27  Supply Depot  
  53  4:28  SCV  
  53  4:30  Siege Tank  
  54  4:41  SCV x2  
  54  4:42  Supply Depot  
  54  4:43  Marine x2  
  58  4:50  Cloaking Field  
  58  4:51  Banshee  
  61  4:53  SCV  
  61  4:55  SCV  
  61  4:57  Supply Depot  
  63  5:01  Marine x2  
  63  5:03  Siege Tank  
  63  5:05  SCV  
  69  5:09  SCV  
  70  5:17  SCV  
  71  5:30  SCV  
  71  5:35  Banshee, SCV  
  76  5:37  Siege Tank  
  76  5:42  Command Center, SCV  
  80  5:43  Supply Depot  
  80  5:49  Armory x2  
  80  5:51  SCV  
  80  5:54  SCV, Supply Depot x2  
  80  5:56  Marine x2  
  84  6:03  SCV  
  85  6:06  SCV  
  85  6:09  Siege Tank, Hyperflight Rotors  
  89  6:12  Factory  
  89  6:20  SCV x2  
  89  6:22  Factory  
  89  6:24  Barracks Reactor  
  91  6:30  Engineering Bay  
  91  6:31  Supply Depot  
  91  6:32  SCV x2  
  93  6:44  SCV x2  
  93  6:46  Terran Vehicle Weapons Level 1, Terran Vehicle And Ship Armor Level 1  
  95  6:49  Siege Tank  
  95  6:51  Banshee  
  101  6:56  SCV x2  
  103  7:08  SCV  
  103  7:09  SCV, Supply Depot  
  103  7:11  Supply Depot  
  103  7:15  Factory  
  105  7:18  Hellion x2  
  105  7:19  Factory, Hellion  
  113  7:24  Hellion  
  113  7:25  SCV x2  
  115  7:37  SCV  
  115  7:38  Orbital Command  
  115  7:40  Refinery  
  115  7:41  Refinery  
  116  7:47  SCV  
  116  7:48  Hellion x3  
  116  7:49  SCV, Hellion  
  126  7:54  Supply Depot  
  126  7:55  Supply Depot  
  126  7:59  SCV  
  126  8:02  SCV  
  128  8:07  SCV  
  128  8:10  Supply Depot x2  
  128  8:11  SCV, Supply Depot  
  130  8:13  Factory Tech Lab  
  130  8:18  Factory Tech Lab  
  130  8:19  Missile Turret  
  130  8:20  Missile Turret  
  130  8:22  Siege Tank, Hellion  
  130  8:23  Hellion x2  
  130  8:24  Hellion  
  141  8:29  SCV x3  
  144  8:41  Terran Vehicle Weapons Level 2, SCV x3, Terran Vehicle And Ship Armor Level 2  
  142  8:43  Siege Tank x2  
  142  8:47  Hellion x3  
  158  8:48  Hellion  
  158  8:52  Banshee, Infernal Pre-Igniter  
  158  8:54  Siege Tank  
  164  8:57  Supply Depot  
  164  8:59  Supply Depot  
  160  9:18  Siege Tank x2  
  160  9:19  Hellion x4  
  174  9:25  Smart Servos  
  174  9:26  Hellion  
  176  9:40  Hellion  
  176  9:41  Hellion x3  
  169  9:47  Siege Tank  
  169  9:50  Siege Tank x2  
  155  9:54  Banshee  
  155  9:57  SCV x2  
  150  10:02  Hellion x4  
  154  10:16  Command Center  
  157  10:23  Hellion  
  165  10:31  Hellion  
  165  10:32  Hellion x2  
  165  10:33  Cyclone  
  165  10:34  Cyclone x2  
  171  10:38  Banshee  
  172  10:53  Hellion x3  
  172  10:54  Hellion  
  163  11:06  Cyclone x3  
  172  11:15  Hellion x3  
  172  11:16  Hellion  
Show
View Real Time Build Order
Export as new Build Order

Probe Protoss 

Build Orders: 1 Gate Expand, Double Forge, Blink Stalkers 

Get SALT Encoding   

  12  0:00  Probe  
  13  0:12  Probe  
  14  0:19  Pylon  
  14  0:25  Probe  
  15  0:33  Probe  
  15  0:37  Gateway  
  15  0:41  Probe  
  16  0:46  Assimilator  
  17  0:51  Probe  
  18  1:04  Probe  
  19  1:16  Probe  
  20  1:25  Nexus  
  20  1:34  Cybernetics Core  
  20  1:39  Probe  
  21  1:43  Assimilator  
  21  1:51  Probe  
  21  1:53  Pylon  
  22  2:02  Adept, Probe  
  23  2:10  Probe  
  23  2:11  Warp Gate  
  26  2:18  Probe  
  26  2:24  Twilight Council  
  26  2:30  Probe  
  26  2:34  Stalker  
  29  2:38  Probe  
  29  2:42  Probe  
  31  2:50  Probe  
  32  2:56  Probe  
  32  2:57  Blink  
  33  3:03  Probe  
  34  3:09  Probe  
  34  3:11  Probe  
  35  3:19  Probe  
  36  3:21  Probe  
  36  3:23  Robotics Facility  
  38  3:31  Probe x2  
  38  3:33  Gateway  
  40  3:36  Gateway  
  40  3:39  Probe  
  40  3:43  Probe  
  40  3:46  Pylon  
  40  3:48  Probe  
  43  3:55  Probe  
  43  3:59  Stalker  
  46  4:03  Assimilator  
  46  4:04  Probe  
  46  4:07  Probe  
  48  4:11  Observer  
  48  4:16  Probe  
  48  4:28  Nexus  
  48  4:29  Pylon  
  48  4:31  Stalker  
  48  4:32  Stalker  
  48  4:38  Stalker  
  54  4:41  Forge  
  54  4:45  Forge  
  54  4:52  Protoss Ground Armor Level 1, Observer, Protoss Ground Weapons Level 1  
  55  4:55  Pylon  
  55  4:58  Charge  
  55  5:02  Gateway  
  55  5:04  Gateway  
  55  5:07  Gateway, Probe  
  55  5:08  Probe  
  55  5:12  Observer  
  57  5:19  Probe  
  57  5:20  Probe  
  59  5:31  Probe  
  59  5:32  Probe  
  57  5:41  Gateway x2  
  57  5:42  Probe  
  58  5:43  Probe  
  58  5:47  Sentry x2, Zealot  
  58  5:48  Probe  
  66  5:54  Probe  
  67  5:58  Probe  
  67  6:00  Probe  
  67  6:02  Zealot  
  67  6:03  Zealot x2  
  75  6:10  Zealot x3, Pylon  
  81  6:12  Probe x2  
  81  6:16  Warp Prism  
  85  6:22  Protoss Ground Armor Level 2  
  85  6:23  Pylon x2  
  85  6:28  Pylon  
  85  6:39  Stalker x4  
  89  6:42  Probe x2  
  90  6:49  Protoss Ground Weapons Level 2  
  88  6:55  Observer  
  88  6:58  Probe x2  
  88  7:13  Stalker  
  90  7:24  Probe x2  
  90  7:26  Probe  
  93  7:31  Photon Cannon  
  93  7:32  Observer  
  93  7:34  Stalker  
  93  7:36  Probe  
  97  7:40  Probe x2  
  99  7:51  Zealot x5  
  105  7:55  Pylon  
  109  8:04  Zealot x2  
  109  8:05  Zealot  
  115  8:07  Pylon  
  115  8:15  Robotics Bay  
  115  8:16  Probe x2  
  115  8:18  Robotics Facility  
  117  8:24  Nexus  
  117  8:25  Probe  
  118  8:28  Probe  
  115  8:42  Photon Cannon  
  115  8:43  Zealot, Stargate  
  115  8:44  Zealot x3, Assimilator  
  115  8:47  Protoss Ground Armor Level 3, Pylon  
  121  8:49  Probe x3  
  121  8:53  Pylon  
  122  9:01  Probe x3, Assimilator  
  125  9:04  Assimilator  
  125  9:06  Observer  
  126  9:11  Zealot x3  
  132  9:19  Zealot x4  
  136  9:32  Stalker x4  
  136  9:33  Probe  
  143  9:38  Observer  
  143  9:45  Stalker x4  
  133  9:46  Probe x2  
  133  9:49  Probe  
  104  9:57  Observer  
  101  10:01  Zealot x4  
  101  10:02  Probe x3  
  101  10:04  Probe  
  113  10:09  Immortal, Zealot  
  113  10:10  Zealot x2  
  113  10:13  Immortal  
  117  10:17  Zealot  
  127  10:29  Zealot x3  
  127  10:30  Sentry  
  135  10:44  Zealot  
  135  10:45  Zealot x3  
  135  10:48  Immortal  
  146  10:51  Stalker  
  146  10:52  Stalker x2  
  146  10:56  Immortal  
  156  11:04  Zealot  
  124  11:07  Zealot x2  
  124  11:08  Zealot x2  
  105  11:21  Zealot x3  
  110  11:27  Zealot x3  
  116  11:35  Zealot x3  

Tags
 
Add a new tag
Caveats
  • Supply blocks, unpowered buildings, or Contaminate may cause inaccurate times.
  • Supply counts are checked every 10 seconds.